 Dungeon Crawl Stone Soup version 0.30.0-29-ga12c61a403 (webtiles) character file.

Game seed: 11394079254275252157

17 cdecastro the Caller (level 2, 0/19 HPs)
             Began as a Merfolk Summoner on June 12, 2023.
             Slain by a goblin
             ... wielding a +0 dagger
              (3 damage)
             ... on level 1 of the Dungeon.
             The game lasted 00:02:27 (402 turns).

cdecastro the Caller (Merfolk Summoner)              Turns: 402, Time: 00:02:28

Health: 0/19       AC:  2    Str:  8    XL:     2   Next: 62%
Magic:  3/5        EV: 12    Int: 14    God:
Gold:   9          SH:  5    Dex: 14    Spells: 4/5 levels left

rFire   . . .        d - +0 dagger
rCold   . . .        (no shield)
rNeg    . . .        a - +0 robe
rPois   .            (no helmet)
rElec   .            (no cloak)
rCorr   .            (no gloves)
SInv    .            (no boots)
Will    .....        e - amulet of reflection
Stlth   ++           (no ring)
HPRegen 0.23/turn    (no ring)
MPRegen 0.09/turn

%: reflection
@: no status effects
A: (nimble swimmer 2), mertail
a: no special abilities


You were on level 1 of the Dungeon.
You visited 1 branch of the dungeon, and saw 1 of its levels.

You collected 9 gold pieces.

Inventory:

Hand Weapons
 d - a +0 dagger (weapon)
Armour
 a - a +0 robe (worn)
 h - an orb of light
Magical Staves
 c - a staff of air
Jewellery
 e - an amulet of reflection (around neck)
Scrolls
 f - a scroll of identify {unknown}
 g - a scroll of noise {unknown}
Potions
 b - a potion of magic


   Skills:
 + Level 0.4 Short Blades
 - Level 2.6 Dodging
 - Level 2.1 Stealth
 - Level 2.0 Spellcasting
 + Level 4.6 Summonings


You had 4 spell levels left.
You knew the following spells:

 Your Spells              Type           Power      Damage    Failure   Level
a - Summon Small Mammal   Summ           56%        N/A       3%          1

Your spell library contained the following spells:

 Spells                   Type           Power      Damage    Failure   Level
 Call Imp                 Summ           28%        N/A       5%          2
 Call Canine Familiar     Summ           14%        N/A       11%         3
 Summon Guardian Golem    Hex/Summ       7%         N/A       26%         3
 Summon Lightning Spire   Summ/Air       7%         N/A       65%         4


Dungeon Overview and Level Annotations

Branches:
Dungeon (1/15)

Altars:


Innate Abilities, Weirdness & Mutations

((You are very nimble when in or above water. (Stealth+, EV+, Speed+++)))
Your lower body shifts to a powerful aquatic tail in water.


Message History

The hobgoblin barely misses you.
Your quokka closely misses the quokka.
The quokka bites you.
Your rat closely misses the hobgoblin.
Unknown command.
The hobgoblin hits your rat.
Your rat dies!
Your rat's corpse disappears in a puff of smoke!
Your quokka closely misses the quokka.
Unknown command.
You hit the quokka but do no damage. You punch the quokka.
The quokka is heavily wounded.
Your quokka completely misses the quokka.
The quokka bites you.
Unknown command.
Casting: Summon Small Mammal (safe; 3% risk of failure)
Press: ? - help, Q - select action Dir - look around, f - activate Your quokka bites the quokka.
The ball python barely misses you. The ball python grabs you.
The ball python constricts you. The quokka bites you.
The hobgoblin barely misses your quokka.
The goblin closely misses you. The ball python bites you.
* * * LOW HITPOINT WARNING * * *
The ball python constricts you.
Your quokka bites the quokka.
The quokka dies!
You barely miss the goblin. You block the goblin's attack.
Your quokka barely misses the hobgoblin.
The ball python bites you.
* * * LOW HITPOINT WARNING * * *
The ball python constricts you.
Your rat closely misses the goblin.
Unknown command.
Unknown command.
The ball python's grasp on you weakens, but your attempt to escape fails.
The goblin hits you with a +0 dagger.
* * * LOW HITPOINT WARNING * * *
You block the hobgoblin's attack. The rat misses your quokka.
Your quokka bites the hobgoblin.
You block the ball python's attack. The ball python constricts you.
Your rat closely misses the goblin.
Unknown command.
You escape the ball python's grasp.
The goblin attacks as you move away! The goblin hits you with a +0 dagger.
You die...

.....# .. .###.# ##K# ....
...#.# ..[ .... ##...# #:[
..... ##..### #.##.....
###....# .K#.....
.......#### ###†...#
..........######gS....###
........#..#...r@gr.....#
)............#...r........
..........................
........................##
.........###..............
...####.)...#...........##
...####.÷÷..##...........#
....†.#...................
#####.#..................


You could see a hobgoblin (ally target), a goblin (ally target), a ball python,
a kobold, a rat, a friendly quokka (summoned) and a friendly rat (summoned).

Vanquished Creatures
  2 bats (D:1)
  2 endoplasms (D:1)
  A goblin (D:1)
  A hobgoblin (D:1)
  A jackal (D:1)
  A ball python (D:1)
  A rat (D:1)
9 creatures vanquished.

Vanquished Creatures (collateral kills)
  A ball python (D:1)
  A giant cockroach (D:1)
  A hobgoblin (D:1)
  A kobold (D:1)
  A quokka (D:1)
5 creatures vanquished.

Grand Total: 14 creatures vanquished

Notes
Turn   | Place    | Note
-------+----------+-------------------------------------------
     0 | D:1      | cdecastro the Merfolk Summoner began the quest for the Orb.
     0 | D:1      | Reached XP level 1. HP: 13/13 MP: 3/3
   173 | D:1      | Reached XP level 2. HP: 10/19 MP: 1/5
   402 | D:1      | Slain by a goblin

Illustrated notes

Levels and vault maps discovered:
D:1:      dpeg_arrival_lava_temple_mockup, layout_rooms, nicolae_eternal_life,
          minmay_tromino_v4_a

Action                     || total
---------------------------++-------
  Melee: Staff             ||    24
         Dagger            ||    26
         Punch             ||     1
   Cast: Summon Small Mamm ||    12
   Stab: Sleeping          ||     1
 Armour: Robe              ||     5
  Dodge: Dodged            ||    39
  Block: Other             ||    11
